 Dungeon Sprint DCSS version 0.30.0-18-gc0e69614cb (webtiles) character file.

Game seed: 11092508346771942328

10800000 Groucho the Axe Maniac (level 27, -10/228 HPs)
             Began as a Djinni Brigand on May 23, 2023.
             Was the Champion of Makhleb.
             Killed by divine providence
             ... invoked by an accursed
              (16 damage)
             ... in the Dungeon (Sprint VIII: "Arena of Blood").
             The game lasted 00:09:41 (108 turns).

Groucho the Axe Maniac (Djinni Brigand)              Turns: 108, Time: 00:09:42

Health: -10/228    AC:  6    Str: 10    XL:     27
Gold:   0          EV: 41    Int: 14    God:    Makhleb [******] SH:  0 Dex: 28

rFire   + + .        k - +∞ Axe of Woe
rCold   x . .        (shield currently unavailable)
rNeg    . . .        b - +0 robe
rPois   ∞            (no helmet)
rElec   .            c - +0 cloak
rCorr   .            (no gloves)
SInv    .            (boots unavailable)
Will    ++...        (no amulet)
Stlth   ++++++++++   (no ring)
HPRegen 0.58/turn    (no ring)
MPRegen 0.00/turn

%: no teleportation, infuse magic (-11 HP)
@: flying, slowed, very slow
A: sickness immunity, fire resistance 2, cold vulnerability 1, float, innate
caster, HP casting, extra vitality 1
a: Renounce Religion, Minor Destruction, Lesser Servant of Makhleb, Major
Destruction, Greater Servant of Makhleb


You were in the Dungeon.
You worshipped Makhleb.
Makhleb was exalted by your worship.
You visited 1 branch

Inventory:

Hand Weapons
 a - a +2 dagger
 k - the +∞ Axe of Woe (weapon)
   (You found it in the Dungeon)
Missiles
 d - 9 poisoned darts (quivered)
 e - 3 curare-tipped darts
Armour
 b - a +0 robe (worn)
 c - a +0 cloak (worn)
Jewellery
 g - a +200 ring of slaying
 l - a +30 ring of slaying
 m - a +100 ring of slaying
 n - a +100 ring of slaying
 o - a +30 ring of slaying
 p - a +30 ring of slaying
 q - a +30 ring of slaying
 r - a +30 ring of slaying
 s - a +30 ring of slaying
 t - a +30 ring of slaying
 u - a +30 ring of slaying
 v - a +30 ring of slaying
 w - a +30 ring of slaying
 x - a +30 ring of slaying
Scrolls
 j - a scroll of blinking
Potions
 f - a potion of curing
 h - a potion of haste
 i - a potion of berserk rage


   Skills:
 O Level 27 Fighting
 O Level 27 Short Blades
 O Level 27 Long Blades
 O Level 27 Axes
 O Level 27 Maces & Flails
 O Level 27 Polearms
 O Level 27 Staves
 O Level 27 Ranged Weapons
 O Level 27 Throwing
 O Level 27 Armour
 O Level 27 Dodging
 O Level 27 Stealth
 O Level 27 Shields
 O Level 27 Unarmed Combat
 O Level 27 Spellcasting
 O Level 27 Invocations
 O Level 27 Evocations


You knew the following spells:

 Your Spells              Type           Power      Damage    Failure   Level
a - Apportation           Tloc           100%       N/A       0%          1
b - Ensorcelled Hibernat  Hex/Ice        100%       N/A       0%          2
c - Passwall              Tmut/Erth      63%        N/A       0%          2
d - Passage of Golubria   Tloc           76%        N/A       0%          4
e - Borgnjor's Vile Clut  Necr/Erth      38%        N/A       0%          5
f - Fireball              Conj/Fire      38%        3d16      0%          5
g - Simulacrum            Ice/Necr       38%        N/A       0%          6
h - Plasma Beam           Fire/Air       38%        2x1d56    0%          6
i - Dragon Form           Tmut           38%        N/A       1%          7
j - Orb of Destruction    Conj           38%        9d11      1%          7
k - Ozocubu's Refrigerat  Ice            38%        4d15      1%          7
l - Disjunction           Tloc           38%        N/A       1%          8
m - Polar Vortex          Ice            38%        N/A       2%          9
Your spell library was empty.

Dungeon Overview and Level Annotations

Branches:
Dungeon (1/1)

Altars:
Makhleb


Innate Abilities, Weirdness & Mutations

You are immune to sickness and miasma.
You are immune to poison.
Your flesh is very heat resistant. (rF++)
You are vulnerable to cold. (rC-)
You float through the air rather than walking.
You learn spells naturally, not from books.
Your magical power is your life essence.
You have superior vitality. (+4 MHP)


Message History

Something smites you!
You hear a shout!
A bag of meat comes into view. It is wielding a +9 war axe.
The eight-headed meat hydra calls on the powers of darkness!
The eight-headed meat hydra convulses!
Your body is wracked with pain!
* * * LOW HITPOINT WARNING * * *
The bag of meat convulses!
You hear a shout! x2
The accursed gestures at you while chanting.
Something smites you!
* * * LOW HITPOINT WARNING * * *
The tyrant gestures wildly while chanting.
You hear a shout!
You hit the large abomination but do no damage.
You dissect the large abomination like a pig carcass.
You destroy the large abomination!
The large abomination disappears in a puff of smoke!
You hear a shout! x3
The meat beast bites you!
* * * LOW HITPOINT WARNING * * *
The meat beast tramples you but does no damage.
You hear a shout!
The accursed points at you and mumbles some strange words.
Something smites you!
* * * LOW HITPOINT WARNING * * *
You hear a shout!
The tyrant mumbles some strange words.
The tyrant seems to speed up.
You hear a shout!
The meat berserker rages.
The accursed gestures at you while chanting.
Something smites you!
* * * LOW HITPOINT WARNING * * *
A tyrant comes into view.
The meat beast bites you.
* * * LOW HITPOINT WARNING * * *
The meat beast completely misses you. The accursed casts a spell at you.
Something smites you!
You die...

.. ..... #M. ...#
#.. .M.# . .###..
.MD###..
.o....###L.....
......X.....
#.XL.○# #_2<)_#
#)@o))#
.....L))oO)☼.....
.......###.......
..###.. ...###..
. #.. O..# . #..
...# ... .....
.... ..O{


You could see 2 accurseds, a meat beast (fast), 3 tyrants, an eight-headed meat
hydra, 2 large abominations, a meat berserker (berserk) and 2 bags of meat.

Vanquished Creatures
  4 hell beasts (D)
  Edmund (D)
  5 royal mummies (D)
  3 great orbs of eyes (D)
  12 vampire knights (D)
  37 ogres (D)
  11 two-headed ogres (D)
  5 liches (D)
  A hydra (D)
  7 phantoms (D)
  60 orcs (D)
  4 skeletal warriors (D)
150 creatures vanquished.

Notes
Turn   | Place    | Note
-------+----------+-------------------------------------------
     0 | D        | Found the +∞ Axe of Woe
     0 | D        | Groucho the Djinni Brigand began the quest for the Orb.
     0 | D        | Reached XP level 1. HP: 18/18 MP: 0/0
     3 | D        | Noticed a bag of meat
     4 | D        | Became a worshipper of Makhleb the Destroyer
     5 | D        | Noticed a bag of meat
     7 | D        | Noticed a bag of meat
     8 | D        | Killed a bag of meat
     8 | D        | Noticed a meat berserker
     9 | D        | Reached skill level 15 in Axes
     9 | D        | Reached XP level 2. HP: 40/40 MP: 0/0
     9 | D        | Reached XP level 3. HP: 45/45 MP: 0/0
     9 | D        | Learned a level 1 spell: Apportation
     9 | D        | Reached XP level 4. HP: 51/51 MP: 0/0
     9 | D        | Reached XP level 5. HP: 57/57 MP: 0/0
     9 | D        | Learned a level 2 spell: Ensorcelled Hibernation
     9 | D        | Reached XP level 6. HP: 63/63 MP: 0/0
     9 | D        | Reached XP level 7. HP: 68/68 MP: 0/0
     9 | D        | Learned a level 2 spell: Passwall
     9 | D        | Reached XP level 8. HP: 75/75 MP: 0/0
     9 | D        | Reached XP level 9. HP: 80/80 MP: 0/0
     9 | D        | Learned a level 4 spell: Passage of Golubria
     9 | D        | Reached XP level 10. HP: 86/86 MP: 0/0
     9 | D        | Reached XP level 11. HP: 92/92 MP: 0/0
     9 | D        | Learned a level 5 spell: Borgnjor's Vile Clutch
     9 | D        | Noticed a bag of meat
     9 | D        | Killed a bag of meat
     9 | D        | Reached * piety under Makhleb
     9 | D        | Noticed a bag of meat
    10 | D        | Reached skill level 15 in Fighting
    10 | D        | Reached XP level 12. HP: 103/103 MP: 0/0
    10 | D        | Killed a bag of meat
    10 | D        | Noticed a bag of meat
    11 | D        | Reached XP level 13. HP: 111/111 MP: 0/0
    11 | D        | Learned a level 5 spell: Fireball
    11 | D        | Noticed a bag of meat
    12 | D        | Noticed a bag of meat
    13 | D        | Killed a bag of meat
    13 | D        | Killed a meat berserker
    13 | D        | Reached ** piety under Makhleb
    14 | D        | Reached XP level 14. HP: 56/123 MP: 0/0
    15 | D        | Noticed a meat berserker
    15 | D        | Noticed a bag of meat
    15 | D        | Noticed a bag of meat
    16 | D        | Killed a bag of meat
    16 | D        | Killed a bag of meat
    17 | D        | Reached XP level 15. HP: 98/132 MP: 0/0
    17 | D        | Learned a level 6 spell: Simulacrum
    18 | D        | Killed a meat berserker
    18 | D        | Reached *** piety under Makhleb
    18 | D        | Reached **** piety under Makhleb
    18 | D        | Noticed a meat berserker
    19 | D        | Reached XP level 16. HP: 145/145 MP: 0/0
    21 | D        | Noticed a large bag of meat
    22 | D        | Killed a meat berserker
    23 | D        | Reached skill level 27 in Axes
    23 | D        | Reached skill level 27 in Dodging
    23 | D        | Reached XP level 17. HP: 159/159 MP: 0/0
    23 | D        | Learned a level 6 spell: Plasma Beam
    23 | D        | Noticed a destroyer
    24 | D        | Noticed a destroyer
    24 | D        | Noticed a meat berserker
    27 | D        | Killed a destroyer
    27 | D        | Noticed a large bag of meat
    28 | D        | Reached skill level 27 in Fighting
    28 | D        | Noticed an eight-headed meat hydra
    28 | D        | Noticed a meat berserker
    29 | D        | Killed a large bag of meat
    29 | D        | Reached ***** piety under Makhleb
    29 | D        | Killed a destroyer
    30 | D        | Reached XP level 18. HP: 146/167 MP: 0/0
    30 | D        | Killed a meat berserker
    30 | D        | Noticed a meat berserker
    31 | D        | Reached XP level 19. HP: 174/174 MP: 0/0
    31 | D        | Learned a level 7 spell: Dragon Form
    32 | D        | Noticed a destroyer
    33 | D        | Noticed a meat berserker
    34 | D        | Killed a meat berserker
    34 | D        | Reached ****** piety under Makhleb
    35 | D        | Reached skill level 27 in Spellcasting
    36 | D        | Killed a large bag of meat
    36 | D        | Killed a meat berserker
    36 | D        | Noticed a meat berserker
    38 | D        | Killed a meat berserker
    38 | D        | Noticed a meat berserker
    38 | D        | Noticed a destroyer
    39 | D        | Killed a nine-headed meat hydra
    40 | D        | Noticed a meat berserker
    41 | D        | Noticed a large bag of meat
    42 | D        | Killed a destroyer
    42 | D        | Noticed a meat berserker
    44 | D        | Killed a meat berserker
    44 | D        | Killed a meat berserker
    44 | D        | Noticed a large bag of meat
    45 | D        | Reached XP level 20. HP: 172/181 MP: 0/0
    45 | D        | Noticed a tyrant
    46 | D        | Killed a meat berserker
    46 | D        | Noticed a destroyer
    47 | D        | Reached skill level 27 in Invocations
    47 | D        | Noticed a meat berserker
    47 | D        | Killed a tyrant
    47 | D        | Noticed a meat berserker
    48 | D        | Noticed a tyrant
    49 | D        | Killed a destroyer
    50 | D        | Noticed an accursed
    50 | D        | Killed a meat berserker
    51 | D        | Reached skill level 27 in Armour
    51 | D        | Reached XP level 21. HP: 187/187 MP: 0/0
    51 | D        | Learned a level 7 spell: Orb of Destruction
    51 | D        | Noticed an accursed
    51 | D        | Noticed a meat berserker
    52 | D        | Killed a meat berserker
    52 | D        | Noticed a meat berserker
    53 | D        | Noticed a meat berserker
    54 | D        | Killed a large bag of meat
    54 | D        | Killed a destroyer
    54 | D        | Killed an accursed
    55 | D        | Reached skill level 27 in Stealth
    55 | D        | Reached XP level 22. HP: 179/194 MP: 0/0
    55 | D        | Noticed a meat berserker
    56 | D        | Killed a meat berserker
    56 | D        | Noticed a destroyer
    57 | D        | Killed a meat berserker
    57 | D        | Killed a meat berserker
    58 | D        | Reached XP level 23. HP: 187/201 MP: 0/0
    58 | D        | Learned a level 7 spell: Ozocubu's Refrigeration
    60 | D        | Noticed a destroyer
    60 | D        | Noticed a destroyer
    61 | D        | Reached skill level 27 in Staves
    61 | D        | Reached skill level 27 in Evocations
    61 | D        | Reached skill level 1 in Long Blades
    61 | D        | Reached skill level 1 in Maces & Flails
    61 | D        | Reached skill level 1 in Polearms
    61 | D        | Reached skill level 1 in Ranged Weapons
    61 | D        | Killed a tyrant
    61 | D        | Killed a destroyer
    61 | D        | Noticed a tyrant
    62 | D        | Reached skill level 10 in Short Blades
    62 | D        | Reached skill level 10 in Unarmed Combat
    62 | D        | Reached XP level 24. HP: 208/208 MP: 0/0
    62 | D        | Killed a destroyer
    62 | D        | Noticed a tyrant
    63 | D        | Reached skill level 10 in Maces & Flails
    63 | D        | Reached skill level 10 in Polearms
    63 | D        | Reached skill level 10 in Ranged Weapons
    65 | D        | Noticed a meat beast
    66 | D        | Reached skill level 15 in Unarmed Combat
    66 | D        | Killed an accursed
    67 | D        | Reached skill level 15 in Maces & Flails
    67 | D        | Reached skill level 15 in Polearms
    67 | D        | Reached skill level 15 in Ranged Weapons
    67 | D        | Reached XP level 25. HP: 85/214 MP: 0/0
    67 | D        | Learned a level 8 spell: Disjunction
    67 | D        | Noticed a large bag of meat
    67 | D        | Noticed a large bag of meat
    68 | D        | Killed a meat beast
    69 | D        | Reached XP level 26. HP: 115/221 MP: 0/0
    69 | D        | Killed a destroyer
    70 | D        | Noticed a meat beast
    73 | D        | Killed a tyrant
    74 | D        | Reached XP level 27. HP: 228/228 MP: 0/0
    74 | D        | Learned a level 9 spell: Polar Vortex
    75 | D        | Killed a meat beast
    76 | D        | Reached skill level 27 in Short Blades
    76 | D        | Reached skill level 27 in Long Blades
    76 | D        | Reached skill level 27 in Unarmed Combat
    76 | D        | Killed a large bag of meat
    77 | D        | Reached skill level 27 in Maces & Flails
    77 | D        | Reached skill level 27 in Polearms
    77 | D        | Reached skill level 27 in Ranged Weapons
    77 | D        | Noticed a destroyer
    78 | D        | Killed a destroyer
    78 | D        | Killed a large bag of meat
    80 | D        | Noticed a large bag of meat
    80 | D        | Noticed a meat beast
    81 | D        | Reached skill level 27 in Throwing
    81 | D        | Reached skill level 27 in Shields
    81 | D        | Noticed a large bag of meat
    82 | D        | Noticed a large bag of meat
    83 | D        | Noticed a large bag of meat
    83 | D        | Noticed a large bag of meat
    84 | D        | Killed a large bag of meat
    85 | D        | Noticed a destroyer
    85 | D        | Killed a meat beast
    85 | D        | Noticed a destroyer
    86 | D        | Noticed an accursed
    89 | D        | Noticed an accursed
    90 | D        | Killed a large bag of meat
    92 | D        | Killed a large bag of meat
    92 | D        | Killed a destroyer
    92 | D        | Killed a large bag of meat
    93 | D        | Killed a destroyer
    93 | D        | Noticed a tyrant
    94 | D        | Noticed a meat beast
    95 | D        | Killed a large bag of meat
    95 | D        | Killed a large bag of meat
    95 | D        | Killed an accursed
    96 | D        | Noticed an accursed
    96 | D        | Noticed a tyrant
    98 | D        | Killed an accursed
    99 | D        | Killed a meat beast
    99 | D        | Killed an accursed
    99 | D        | Noticed The Defiler
   101 | D        | Noticed an accursed
   102 | D        | Noticed a destroyer
   102 | D        | Noticed an accursed
   103 | D        | Killed a tyrant
   103 | D        | Killed a tyrant
   103 | D        | Noticed a tyrant
   103 | D        | Noticed a tyrant
   104 | D        | Killed a destroyer
   105 | D        | Noticed a meat beast
   107 | D        | Killed The Defiler
   108 | D        | HP: 11/228 [accursed/divine providence (15)]
   108 | D        | Noticed a tyrant
   108 | D        | Killed from afar by an accursed

Illustrated notes

Levels and vault maps discovered:
D:        meatsprint

Skill      XL: |  1  2  3  4  5  6  7  8  9 10 11 12 13 14 15 16 17 18 19 20 21 22 23 24 25 26 27 |
---------------+----------------------------------------------------------------------------------+-----
Fighting       | 13 15 16 19 20 23 26 27 | 27.0
Axes           | 15 17 19 22 23 26 27 | 27.0
Dodging        | 14 16 17 20 22 25 27 | 27.0
Spellcasting   | 22 25 27 | 27.0
Invocations    | 25 27 | 27.0
Armour         | 27 | 27.0
Stealth        | 12 27 | 27.0
Staves         | 16 24 27 | 27.0
Evocations     | 17 25 27 | 27.0
Short Blades   | 10 16 20 24 27 | 27.0
Long Blades    | 9 16 20 24 27 | 27.0
Maces & Flails | 9 15 18 22 27 | 27.0
Polearms       | 9 15 18 22 27 | 27.0
Ranged Weapons | 9 15 18 22 27 | 27.0
Unarmed Combat | 10 18 22 26 27 | 27.0
Throwing       | 27 | 27.0
Shields        | 27 | 27.0

Action                     |  1- 3 |  4- 6 |  7- 9 | 10-12 | 13-15 | 16-18 | 19-21 | 22-24 | 25-27 || total
---------------------------+-------+-------+-------+-------+-------+-------+-------+-------+-------++-------
  Melee: Executioner's axe |     1 |       |       |     2 |     3 |     4 |    14 |    10 |    35 ||    69
   Cast: Apportation       |       |       |       |       |       |       |     1 |       |     1 ||     2
 Invoke: Greater Servant o |       |       |       |       |       |       |     1 |       |       ||     1
    Use: Potion            |       |       |       |       |       |       |     1 |       |       ||     1
 Armour: Robe              |       |       |       |       |       |       |       |       |     1 ||     1
  Dodge: Dodged            |       |       |       |       |       |     1 |       |       |     4 ||     5
